| TOP OF THE 1ST |
|
Burlington Bees batting - Pitching for Lexington Legends : LHP Tyler Abraham
|
|
Pitching: LHP Tyler Abraham
|
|
|
Batting: RHB Jose Ramirez
|
0-0: Ball 1-0: Called Strike 1-1: Ground out 6-3 (Groundball, 6, EV 106.9 MPH)
|
|
Batting: RHB Ryan Munro
|
0-0: Swinging Strike 0-1: SINGLE (Groundball, 6M, EV 107.5 MPH) (infield hit)
|
|
Batting: LHB Matthew Bale
|
0-0: Ball 1-0: Swinging Strike 1-1: Foul Ball, location: 2F 1-2: Foul Ball, location: 2F 1-2: Foul Ball, location: 2F 1-2: Ball 2-2: Foul Ball, location: 2F 2-2: Foul Ball, location: 2F 2-2: Ball 3-2: Foul Ball, location: 2F 3-2: Foul Ball, location: 2F 3-2: Foul Ball, location: 2F 3-2: Foul Ball, location: 2F 3-2: Base on Balls Ryan Munro to second
|
|
Pitching: RHP Joe Adelmann
|
|
|
Batting: RHB Ryuji Ito
|
0-0: Ball 1-0: Ball 2-0: Ball 3-0: Called Strike 3-1: Base on Balls Ryan Munro to third Matthew Bale to second
|
|
Batting: LHB Brett Bugge
|
0-0: Ball 1-0: Foul Ball, location: 2F 1-1: Ball 2-1: Ball 3-1: Base on Balls Ryan Munro scores Matthew Bale to third Ryuji Ito to second
|
|
Batting: LHB Griffin Ferris
|
0-0: Called Strike 0-1: Swinging Strike 0-2: Ball 1-2: Foul Ball, location: 2F 1-2: Hit by Pitch Matthew Bale scores Ryuji Ito to third Brett Bugge to second
|
|
Batting: LHB Mark Reeg
|
0-0: Ball 1-0: Called Strike 1-1: Foul Ball, location: 2F 1-2: Ball 2-2: Ball 3-2: Base on Balls Ryuji Ito scores Brett Bugge to third Griffin Ferris to second
|
|
Pitching: RHP Howie Seidler
|
|
|
Batting: RHB Dean LeCroy
|
0-0: Ball 1-0: Grounds into fielders choice U2 (Groundball, 15S, EV 76.2 MPH) Griffin Ferris to third Mark Reeg to second
|
|
Batting: LHB Mario Anguiano
|
0-0: Called Strike 0-1: Ball 1-1: Ball 2-1: Ball 3-1: Called Strike 3-2: Base on Balls Griffin Ferris scores Mark Reeg to third Dean LeCroy to second
|
|
Batting: RHB Jose Ramirez
|
0-0: Swinging Strike 0-1: Ball 1-1: Ball 2-1: Swinging Strike 2-2: Strikes out swinging
|
| Top of the 1st over - 4 runs, 1 hit, 0 errors, 3 left on base; Burlington 4 - Lexington 0 |
| BOTTOM OF THE 1ST |
|
Lexington Legends batting - Pitching for Burlington Bees : RHP Humberto Paniagua
|
|
Pitching: RHP Humberto Paniagua
|
|
|
Batting: RHB Doug Carter
|
0-0: Ball 1-0: Ball 2-0: Ball 3-0: Called Strike 3-1: Foul Ball, location: 2F 3-2: Ground out 6-3 (Groundball, 6, EV 102.5 MPH)
|
|
Batting: SHB Ryoji Hiraoka
|
0-0: Called Strike 0-1: Ball 1-1: Called Strike 1-2: Foul Ball, location: 2F 1-2: Ball 2-2: Ball 3-2: Foul Ball, location: 2F 3-2: Strikes out swinging
|
|
Batting: RHB Andy Urquhart
|
0-0: Called Strike 0-1: Called Strike 0-2: SINGLE (Groundball, 25, EV 71.2 MPH) (infield hit)
|
|
Batting: RHB Pete Deschamps
|
0-0: Called Strike 0-1: Ball 1-1: Foul Ball, location: 2F 1-2: Strikes out swinging, 2-3 out at first.
|
| Bottom of the 1st over - 0 runs, 1 hit, 0 errors, 1 left on base; Burlington 4 - Lexington 0 |
| TOP OF THE 2ND |
|
Burlington Bees batting - Pitching for Lexington Legends : RHP Howie Seidler
|
|
Batting: RHB Ryan Munro
|
0-0: Ball 1-0: Called Strike 1-1: Ball 2-1: Foul Ball, location: 2F 2-2: Foul Ball, location: 2F 2-2: Ball 3-2: Base on Balls
|
|
Pitching: LHP Hyoji Kawabata
|
|
|
Batting: LHB Matthew Bale
|
0-0: Swinging Strike 0-1: Ball 1-1: Ball 2-1: Foul Ball, location: 2F 2-2: Foul Ball, location: 2F 2-2: Ball 3-2: Foul Ball, location: 2F 3-2: Foul Ball, location: 2F 3-2: Base on Balls Ryan Munro to second
|
|
Batting: RHB Ryuji Ito
|
0-0: Ball 1-0: Called Strike 1-1: Ball 2-1: Foul Ball, location: 2F 2-2: Ball 3-2: Foul Ball, location: 2F 3-2: Strikes out looking
|
|
Batting: LHB Brett Bugge
|
0-0: SINGLE (Groundball, 34D, EV 100.6 MPH) Ryan Munro to third Matthew Bale to second Runner from 3rd tries for Home, SAFE, throw by RF to home
|
|
Batting: LHB Griffin Ferris
|
0-0: Ball 1-0: Called Strike 1-1: Ball 2-1: Foul Ball, location: 2F 2-2: SINGLE (Groundball, 4MD, EV 106.2 MPH) Matthew Bale to third Brett Bugge to second
|
|
Pitching: RHP Junsuke Abe
|
|
|
Batting: LHB Mark Reeg
|
0-0: DOUBLE (Line Drive, 8RXD, EV 98.1 MPH) Matthew Bale scores Brett Bugge scores Griffin Ferris to third
|
|
Batting: RHB Dean LeCroy
|
0-0: Swinging Strike 0-1: Foul Ball, location: 2F 0-2: Strikes out swinging
|
|
Batting: LHB Mario Anguiano
|
0-0: Called Strike 0-1: Ball 1-1: Ball 2-1: Ball 3-1: DOUBLE (Groundball, 3L, EV 106.9 MPH) Griffin Ferris scores Mark Reeg scores
|
|
Batting: RHB Jose Ramirez
|
0-0: Ball 1-0: Ball 2-0: Ball 3-0: Called Strike 3-1: Foul Ball, location: 2F 3-2: Base on Balls
|
|
Batting: RHB Ryan Munro
|
0-0: SINGLE (Groundball, 56S, EV 61.2 MPH) (infield hit) Mario Anguiano to third Jose Ramirez to second
|
|
Batting: LHB Matthew Bale
|
0-0: Ball 1-0: Fly out, F9 (Flyball, 9S, EV 86.9 MPH)
|
| Top of the 2nd over - 5 runs, 5 hits, 0 errors, 3 left on base; Burlington 9 - Lexington 0 |
| BOTTOM OF THE 2ND |
|
Lexington Legends batting - Pitching for Burlington Bees : RHP Humberto Paniagua
|
|
Batting: LHB Robert Wilkins
|
0-0: Foul Ball, location: 2F 0-1: Ground out 6-3 (Groundball, 6, EV 82.5 MPH)
|
|
Batting: RHB Ben Garrett
|
0-0: Ball 1-0: Called Strike 1-1: Ball 2-1: Foul Ball, location: 2F 2-2: Strikes out swinging
|
|
Batting: RHB Nate De Jongh
|
0-0: Ball 1-0: SINGLE (Groundball, 6M, EV 82.5 MPH) (infield hit)
|
|
Batting: RHB Kunimatsu Oya
|
0-0: Foul Ball, location: 2F 0-1: Foul Ball, location: 2F 0-2: Ball 1-2: Ball 2-2: Strikes out looking
|
| Bottom of the 2nd over - 0 runs, 1 hit, 0 errors, 1 left on base; Burlington 9 - Lexington 0 |
| TOP OF THE 3RD |
|
Burlington Bees batting - Pitching for Lexington Legends : RHP Junsuke Abe
|
|
Batting: RHB Ryuji Ito
|
0-0: SOLO HOME RUN (Flyball, 7LD, EV 92.5 MPH), Distance : 349 ft
|
|
Pitching: LHP David Bearden
|
|
|
Batting: LHB Brett Bugge
|
0-0: Fly out, F4 (Popup, 34D, EV 53.1 MPH)
|
|
Batting: LHB Griffin Ferris
|
0-0: Ball 1-0: Ball 2-0: Called Strike 2-1: Ball 3-1: Base on Balls
|
|
Batting: LHB Mark Reeg
|
0-0: Ball 1-0: Ball 2-0: Called Strike 2-1: Ball 3-1: Swinging Strike 3-2: Fly out, F8 (Flyball, 8RXD, EV 105.6 MPH)
|
|
Batting: RHB Dean LeCroy
|
0-0: Ball 1-0: Ball 2-0: Ball Wild Pitch! Griffin Ferris to second 3-0: Called Strike 3-1: TRIPLE (Groundball, 5L, EV 103.1 MPH) Griffin Ferris scores
|
|
Batting: LHB Mario Anguiano
|
0-0: Ball 1-0: Ball 2-0: Ball 3-0: Base on Balls
|
|
Batting: RHB Jose Ramirez
|
0-0: Foul Ball, location: 2F 0-1: 3-RUN HOME RUN (Flyball, 89XD, EV 98.1 MPH), Distance : 408 ft
|
|
Batting: RHB Ryan Munro
|
0-0: Ball 1-0: Ball 2-0: Called Strike 2-1: Swinging Strike 2-2: Strikes out swinging
|
| Top of the 3rd over - 5 runs, 3 hits, 0 errors, 0 left on base; Burlington 14 - Lexington 0 |
| BOTTOM OF THE 3RD |
|
Lexington Legends batting - Pitching for Burlington Bees : RHP Humberto Paniagua
|
|
Batting: RHB Eric Erickson
|
0-0: Ball 1-0: Ball 2-0: Ball 3-0: Called Strike 3-1: Foul Ball, location: 2F 3-2: Strikes out looking
|
|
Batting: RHB Doug Carter
|
0-0: Called Strike 0-1: Foul Ball, location: 2F 0-2: Ball 1-2: Ball 2-2: SINGLE (Groundball, 34D, EV 105.0 MPH)
|
|
Batting: SHB Ryoji Hiraoka
|
0-0: Called Strike 0-1: Fly out, F8 (Flyball, 8RD, EV 87.5 MPH)
|
|
Batting: RHB Andy Urquhart
|
0-0: Ball Doug Carter steals 2nd base 1-0: Ball 2-0: Called Strike 2-1: Swinging Strike 2-2: Strikes out looking
|
| Bottom of the 3rd over - 0 runs, 1 hit, 0 errors, 1 left on base; Burlington 14 - Lexington 0 |
| TOP OF THE 4TH |
|
Burlington Bees batting - Pitching for Lexington Legends : LHP David Bearden
|
|
Batting: LHB Matthew Bale
|
0-0: Ball 1-0: Reached on error, E4 (Groundball, 34D, EV 77.5 MPH)
|
|
Batting: RHB Ryuji Ito
|
0-0: Ball 1-0: Fly out, F8 (Flyball, 8LD, EV 85.0 MPH)
|
|
Batting: LHB Brett Bugge
|
0-0: Called Strike 0-1: Foul Ball, location: 2F 0-2: Foul Ball, location: 2F 0-2: Hit by Pitch Matthew Bale to second
|
|
Batting: LHB Griffin Ferris
|
0-0: Called Strike 0-1: Foul Ball, location: 2F 0-2: SINGLE (Groundball, 3D, EV 105.0 MPH) Matthew Bale to third Brett Bugge to second Runner from 3rd tries for Home, SAFE, throw by RF to home
|
|
Batting: LHB Mark Reeg
|
0-0: Ball 1-0: Swinging Strike 1-1: SINGLE (Groundball, 4M, EV 100.6 MPH) (infield hit) Brett Bugge to third Griffin Ferris to second
|
|
Batting: RHB Dean LeCroy
|
0-0: Swinging Strike 0-1: Ball 1-1: Ball 2-1: Ball 3-1: Base on Balls Brett Bugge scores Griffin Ferris to third Mark Reeg to second
|
|
Batting: LHB Mario Anguiano
|
0-0: Grounds into double play, 4-6-3 (Groundball, 4, EV 98.8 MPH)
|
| Top of the 4th over - 2 runs, 2 hits, 1 error, 2 left on base; Burlington 16 - Lexington 0 |
| BOTTOM OF THE 4TH |
|
Lexington Legends batting - Pitching for Burlington Bees : RHP Humberto Paniagua
|
|
Batting: RHB Pete Deschamps
|
0-0: Called Strike 0-1: Ball 1-1: Ball 2-1: Ball 3-1: Foul Ball, location: 2F 3-2: SINGLE (Line Drive, 56D, EV 94.4 MPH)
|
|
Batting: LHB Robert Wilkins
|
0-0: Ball 1-0: Called Strike 1-1: Called Strike 1-2: Ball 2-2: Ball 3-2: Foul Ball, location: 2F 3-2: Fielders Choice at 2nd, 3-6 (Groundball, 34, EV 84.4 MPH)
|
|
Batting: RHB Ben Garrett
|
0-0: Ball 1-0: Fly out, F6 (Popup, 6MS, EV 76.2 MPH)
|
|
Batting: RHB Nate De Jongh
|
0-0: Ball 1-0: Ball 2-0: Ball 3-0: Called Strike 3-1: Fielders Choice at 2nd, 5-4 (Groundball, 56, EV 86.2 MPH)
|
| Bottom of the 4th over - 0 runs, 1 hit, 0 errors, 1 left on base; Burlington 16 - Lexington 0 |
| TOP OF THE 5TH |
|
Burlington Bees batting - Pitching for Lexington Legends : LHP David Bearden
|
|
Batting: RHB Jose Ramirez
|
0-0: Ball 1-0: Ground out 4-3 (Groundball, 34, EV 90.6 MPH)
|
|
Batting: RHB Ryan Munro
|
0-0: Foul Ball, location: 2F 0-1: Reached on error, E1 (Groundball, 15S, EV 68.1 MPH)
|
|
Batting: LHB Matthew Bale
|
0-0: Foul Ball, location: 2F 0-1: SINGLE (Groundball, 4M, EV 77.5 MPH) (infield hit) Ryan Munro to second
|
|
Batting: RHB Ryuji Ito
|
0-0: Fly out, F9 (Flyball, 89D, EV 93.8 MPH) Runner from 2nd tags up, OUT at 3rd! 9-5
|
| Top of the 5th over - 0 runs, 1 hit, 1 error, 1 left on base; Burlington 16 - Lexington 0 |
| BOTTOM OF THE 5TH |
|
Lexington Legends batting - Pitching for Burlington Bees : RHP Humberto Paniagua
|
|
Batting: RHB Kunimatsu Oya
|
0-0: Foul Ball, location: 2F 0-1: Foul Ball, location: 2F 0-2: Strikes out swinging
|
|
Batting: RHB Eric Erickson
|
0-0: Called Strike 0-1: Called Strike 0-2: Ball 1-2: Ball 2-2: Strikes out swinging
|
|
Batting: RHB Doug Carter
|
0-0: Ball 1-0: Called Strike 1-1: Foul Ball, location: 2F 1-2: Ball 2-2: Ball 3-2: Base on Balls
|
|
Batting: SHB Ryoji Hiraoka
|
0-0: Called Strike 0-1: Called Strike Doug Carter is caught stealing 2nd base 2-6
|
| Bottom of the 5th over - 0 runs, 0 hits, 0 errors, 0 left on base; Burlington 16 - Lexington 0 |
| TOP OF THE 6TH |
|
Burlington Bees batting - Pitching for Lexington Legends : LHP David Bearden
|
|
Batting: LHB Brett Bugge
|
0-0: Ground out 4-3 (Groundball, 4S, EV 78.1 MPH)
|
|
Batting: LHB Griffin Ferris
|
0-0: Foul Ball, location: 2F 0-1: Ground out 6-3 (Groundball, 6, EV 85.0 MPH)
|
|
Batting: LHB Mark Reeg
|
0-0: Swinging Strike 0-1: Ball 1-1: Called Strike 1-2: Ball 2-2: Ball 3-2: Foul Ball, location: 2F 3-2: Foul Ball, location: 2F 3-2: Base on Balls
|
|
Batting: RHB Dean LeCroy
|
0-0: Fly out, F8 (Flyball, 78M, EV 83.1 MPH)
|
| Top of the 6th over - 0 runs, 0 hits, 0 errors, 1 left on base; Burlington 16 - Lexington 0 |
| BOTTOM OF THE 6TH |
|
Lexington Legends batting - Pitching for Burlington Bees : RHP Humberto Paniagua
|
|
Batting: SHB Ryoji Hiraoka
|
0-0: Foul Ball, location: 2F 0-1: Ball 1-1: Ball 2-1: Foul Ball, location: 2F 2-2: Ball 3-2: Foul Ball, location: 2F 3-2: Strikes out swinging
|
|
Batting: RHB Andy Urquhart
|
0-0: Swinging Strike 0-1: Ball 1-1: Ball 2-1: Ball 3-1: Base on Balls
|
|
Pitching: LHP Ryouhei Hosaka
|
|
|
Batting: RHB Pete Deschamps
|
0-0: Called Strike 0-1: Ball 1-1: Swinging Strike 1-2: Grounds into double play, 6-4-3 (Groundball, 6, EV 103.8 MPH)
|
| Bottom of the 6th over - 0 runs, 0 hits, 0 errors, 0 left on base; Burlington 16 - Lexington 0 |
| TOP OF THE 7TH |
|
Burlington Bees batting - Pitching for Lexington Legends : LHP David Bearden
|
|
Batting: LHB Mario Anguiano
|
0-0: SOLO HOME RUN (Flyball, 89XD, EV 107.5 MPH), Distance : 400 ft
|
|
Pinch Hitting: RHB Tristan Lewis
|
0-0: Foul Ball, location: 2F 0-1: Ball 1-1: Ball 2-1: Ball 3-1: Base on Balls
|
|
Batting: RHB Ryan Munro
|
0-0: Ball Wild Pitch! Tristan Lewis to second 1-0: Ball 2-0: Ball 3-0: Base on Balls
|
|
Batting: LHB Matthew Bale
|
0-0: SINGLE (Line Drive, 89S, EV 89.4 MPH) Tristan Lewis to third Ryan Munro to second Runner from 3rd tries for Home, SAFE, throw by RF to home
|
|
Batting: RHB Ryuji Ito
|
0-0: Foul Ball, location: 2F 0-1: Swinging Strike 0-2: Ball 1-2: Foul Ball, location: 2F 1-2: Foul Ball, location: 2F 1-2: Ball 2-2: Foul Ball, location: 2F 2-2: Ball 3-2: Base on Balls Ryan Munro to third Matthew Bale to second
|
|
Batting: LHB Brett Bugge
|
0-0: Ball 1-0: DOUBLE (Flyball, 9LD, EV 102.5 MPH) Ryan Munro scores Matthew Bale scores Ryuji Ito to third
|
|
Batting: LHB Griffin Ferris
|
0-0: Called Strike 0-1: Ball 1-1: Ball 2-1: Ball 3-1: Base on Balls
|
|
Batting: LHB Mark Reeg
|
0-0: Ball 1-0: Fly out, F9 (Flyball, 89S, EV 91.9 MPH)
|
|
Batting: RHB Dean LeCroy
|
0-0: Ball 1-0: SINGLE (Flyball, 8RS, EV 91.2 MPH) Ryuji Ito scores Brett Bugge to third Griffin Ferris to second
|
|
Batting: LHB Mario Anguiano
|
0-0: Called Strike 0-1: Ball 1-1: Called Strike 1-2: Foul Ball, location: 2F 1-2: Strikes out swinging
|
|
Batting: RHB Tristan Lewis
|
0-0: Ball 1-0: Ball 2-0: Ball Balk! Brett Bugge scores Griffin Ferris to third Dean LeCroy to second Balk! Griffin Ferris scores Dean LeCroy to third 3-0: Called Strike 3-1: Base on Balls
|
|
Batting: RHB Ryan Munro
|
0-0: Foul Ball, location: 2F 0-1: Fly out, F9 (Line Drive, 9S, EV 108.1 MPH)
|
| Top of the 7th over - 7 runs, 4 hits, 0 errors, 2 left on base; Burlington 23 - Lexington 0 |
| BOTTOM OF THE 7TH |
|
Lexington Legends batting - Pitching for Burlington Bees : LHP Ryouhei Hosaka
|
|
Now at SS: Tristan Lewis
|
|
|
Batting: LHB Robert Wilkins
|
0-0: Ball 1-0: Called Strike 1-1: Swinging Strike 1-2: Foul Ball, location: 2F 1-2: Ball 2-2: Foul Ball, location: 2F 2-2: Strikes out looking
|
|
Batting: RHB Ben Garrett
|
0-0: Called Strike 0-1: Foul Ball, location: 2F 0-2: Ball 1-2: Fly out, F7 (Flyball, 78M, EV 88.1 MPH)
|
|
Batting: RHB Nate De Jongh
|
0-0: Called Strike 0-1: Ball 1-1: Ball 2-1: Foul Ball, location: 2F 2-2: Strikes out looking
|
| Bottom of the 7th over - 0 runs, 0 hits, 0 errors, 0 left on base; Burlington 23 - Lexington 0 |
| TOP OF THE 8TH |
|
Burlington Bees batting - Pitching for Lexington Legends : LHP David Bearden
|
|
Pinch Hitting: RHB Pat Crawley
|
0-0: Ball 1-0: Called Strike 1-1: Called Strike 1-2: Strikes out swinging
|
|
Batting: RHB Ryuji Ito
|
0-0: Reached on error, E4 (Groundball, 34D, EV 86.2 MPH)
|
|
Pinch Hitting: LHB Spencer Palmer
|
0-0: Ground out 5-3 (Groundball, 56, EV 83.1 MPH)
|
|
Batting: LHB Griffin Ferris
|
0-0: Ball 1-0: SINGLE (Groundball, 6MD, EV 100.0 MPH) Ryuji Ito to third Throwing error, E8 Ryuji Ito scores Griffin Ferris to second
|
|
Batting: LHB Mark Reeg
|
0-0: Ball 1-0: DOUBLE (Line Drive, 7LS, EV 88.8 MPH) Griffin Ferris scores
|
|
Batting: RHB Dean LeCroy
|
0-0: 2-RUN HOME RUN (Flyball, 9D, EV 98.8 MPH), Distance : 361 ft
|
|
Batting: LHB Mario Anguiano
|
0-0: SOLO HOME RUN (Flyball, 9LD, EV 91.2 MPH), Distance : 333 ft
|
|
Batting: RHB Tristan Lewis
|
0-0: Ball 1-0: Ball 2-0: Foul Ball, location: 2F 2-1: Fly out, F8 (Flyball, 8LXD, EV 101.9 MPH)
|
| Top of the 8th over - 5 runs, 4 hits, 2 errors, 0 left on base; Burlington 28 - Lexington 0 |
| BOTTOM OF THE 8TH |
|
Lexington Legends batting - Pitching for Burlington Bees : LHP Ryouhei Hosaka
|
|
Now at 1B: Mark Reeg
|
|
|
Now at 3B: Pat Crawley
|
|
|
Now in LF: James McCauley
|
|
|
Batting: RHB Kunimatsu Oya
|
0-0: Called Strike 0-1: Called Strike 0-2: Ball 1-2: Ball 2-2: Foul Ball, location: 2F 2-2: Ball 3-2: Foul Ball, location: 2F 3-2: Strikes out swinging
|
|
Batting: RHB Eric Erickson
|
0-0: Swinging Strike 0-1: Fly out, F9 (Line Drive, 9, EV 105.6 MPH)
|
|
Batting: RHB Doug Carter
|
0-0: Ground out 4-3 (Groundball, 4, EV 98.8 MPH)
|
| Bottom of the 8th over - 0 runs, 0 hits, 0 errors, 0 left on base; Burlington 28 - Lexington 0 |
| TOP OF THE 9TH |
|
Burlington Bees batting - Pitching for Lexington Legends : LHP David Bearden
|
|
Batting: RHB Ryan Munro
|
0-0: Ground out 6-3 (Groundball, 6, EV 83.8 MPH)
|
|
Batting: RHB Pat Crawley
|
0-0: Ground out 6-3 (Groundball, 6M, EV 106.2 MPH)
|
|
Batting: RHB Ryuji Ito
|
0-0: Foul Ball, location: 2F 0-1: Ground out 4-3 (Groundball, 4M, EV 91.2 MPH)
|
| Top of the 9th over - 0 runs, 0 hits, 0 errors, 0 left on base; Burlington 28 - Lexington 0 |
| BOTTOM OF THE 9TH |
|
Lexington Legends batting - Pitching for Burlington Bees : LHP Ryouhei Hosaka
|
|
Batting: SHB Ryoji Hiraoka
|
0-0: Called Strike 0-1: Swinging Strike 0-2: Foul Ball, location: 2F 0-2: Strikes out looking
|
|
Batting: RHB Andy Urquhart
|
0-0: Foul Ball, location: 2F 0-1: Called Strike 0-2: Ball 1-2: Ball 2-2: Strikes out swinging
|
|
Batting: RHB Pete Deschamps
|
0-0: Ground out 6-3 (Groundball, 6, EV 81.2 MPH)
|
| Bottom of the 9th over - 0 runs, 0 hits, 0 errors, 0 left on base; Burlington 28 - Lexington 0 |
|